 Dungeon Crawl Stone Soup version 0.21.0-25-ge575cb9 (webtiles) character file.

402 Monsterracer the Grave Robber (level 6, -1/32 HPs)
             Began as a Deep Elf Necromancer on Jan 21, 2018.
             Was an Initiate of Vehumet.
             Killed from afar by an orc wizard (9 damage)
             ... with a puff of flame
             ... on level 4 of the Dungeon on Jan 22, 2018.
             The game lasted 00:08:22 (4873 turns).

Monsterracer the Grave Robber (DENe)                Turns: 4873, Time: 00:08:23

Health: -1/32      AC:  3    Str:  5    XL:     6   Next: 55%
Magic:  6/16       EV: 13    Int: 22    God:    Vehumet [......]
Gold:   225        SH:  0    Dex: 15    Spells: 4/16 levels left

rFire    . . .     SeeInvis .   i - +2 falchion (holy)
rCold    . . .     Gourm    .   (no shield)
rNeg     . . .     Faith    .   a - +0 robe
rPois    .         Spirit   .   (no helmet)
rElec    .         Reflect  .   s - +0 cloak
rCorr    +         Harm     .   (no gloves)
MR       .....                  (no boots)
Stlth    ++........             (no amulet)
HPRegen  1.10/turn              g - ring of resist corrosion {!d}
MPRegen  0.15/turn              (no ring)

@: regenerating
A: no striking features
a: Renounce Religion


You were on level 4 of the Dungeon.
You worshipped Vehumet.
Vehumet was noncommittal.
You were very hungry.

You visited 1 branch of the dungeon, and saw 4 of its levels.

You collected 225 gold pieces.

Inventory:

Hand Weapons
 i - a +2 falchion of holy wrath (weapon)
Missiles
 l - a throwing net (quivered)
Armour
 a - a +0 robe (worn)
 o - a +3 leather armour
 s - a +0 cloak (worn)
Jewellery
 g - a ring of resist corrosion (left hand) {!d}
Wands
 n - a wand of iceblast (7)
Scrolls
 k - a scroll of amnesia
 p - a scroll of enchant weapon
 r - 2 scrolls of fog
Potions
 d - a potion of ambrosia {unknown}
 e - a potion of berserk rage {!q}
 f - 2 potions of curing
 h - 2 potions of haste
 j - a potion of flight
 m - a potion of lignification
Books
 b - a book of Necromancy

   Spells                             Type                      Level
   a - Pain                           Necromancy                   1
   b - Animate Skeleton               Necromancy                   1
   c - Vampiric Draining              Necromancy                   3
   d - Regeneration                   Charms/Necromancy            3
   e - Animate Dead                   Necromancy                   4
   f - Borgnjor's Vile Clutch         Necromancy/Earth             5
Comestibles
 c - 8 rations


   Skills:
 - Level 2.4 Dodging
 - Level 2.4 Stealth
 + Level 5.5 Spellcasting
 * Level 7.8 Necromancy
 * Level 2.6 Earth Magic


You had 4 spell levels left.
You knew the following spells:

 Your Spells              Type           Power        Failure   Level  Hunger
a - Pain                  Necr           ####         1%          1    None
c - Vampiric Draining     Necr           #####.....   1%          3    ##.....
d - Borgnjor's Vile Clut  Necr/Erth      ####......   30%         5    #####..
j - Regeneration          Chrm/Necr      ###.......   5%          3    ##.....


Dungeon Overview and Level Annotations

Branches:
Dungeon (4/15)
 Temple: D:4-7

Altars:
Nemelex Xobeh
Ru
Vehumet
Zin

Annotations:
D:4 Eustachio


Message History

An orc wizard comes into view. It is wielding a dagger.
You hear a zap.
You hear a grinding noise.
Found a hardcover book.
An ooze and Eustachio come into view.
An iguana comes into view.
Eustachio shouts!
The iguana hisses angrily.
The ooze quivers.
Eustachio zaps a wand.
Some rock shatters into small pieces.
It is a wand of digging (10).
The orc wizard shouts!
The orc wizard mumbles some strange words.
The orc wizard seems to speed up.
You hear a zap.
You hear a grinding noise.
You hear a zap.
You hear a grinding noise.
Casting: Regeneration
Confirm with . or Enter, or press ? or * to list all spells.
Aiming: Pain
Press: ? - help, Shift-Dir - straight line, f - orc wizard
Aim: an orc wizard, wielding a dagger and wearing a robe (fast, chance to defeat MR: 84%)
The orc wizard writhes in agony!
The orc wizard hits you with a dagger. The orc wizard misses you.
You riposte.
You closely miss the orc wizard.
The orc wizard is heavily wounded.
You take 3 damage, and have 29/32 hp.
You now have 15/16 mp.
Casting: Pain
Confirm with . or Enter, or press ? or * to list all spells.
Aiming: Pain
Press: ? - help, Shift-Dir - straight line, f/p - orc wizard
Aim: an orc wizard, wielding a dagger and wearing a robe (heavily wounded, fast, chance to defeat MR: 84%)
The orc wizard writhes in agony!
You kill the orc wizard!
Vehumet accepts your kill.
You take 1 damage, and have 28/32 hp.
You now have 14/16 mp.
Casting: Pain
Confirm with . or Enter, or press ? or * to list all spells.
Aiming: Pain
Press: ? - help, Shift-Dir - straight line, f - iguana
Aim: an iguana (chance to defeat MR: 89%)
The iguana writhes in agony!
You take 1 damage, and have 27/32 hp.
You now have 13/16 mp.
Casting: Pain
Confirm with . or Enter, or press ? or * to list all spells.
Your skin crawls.
The orc wizard mumbles some strange words.
The orc wizard seems to speed up.
The iguana bites you!
You take 10 damage, and have 17/32 hp.
MASSIVE DAMAGE!!
You now have 10/16 mp.
Casting: Regeneration
Confirm with . or Enter, or press ? or * to list all spells.
Aiming: Pain
Press: ? - help, Shift-Dir - straight line, f/p - iguana
Aim: an iguana (heavily wounded, chance to defeat MR: 89%)
The iguana writhes in agony!
You kill the iguana!
Vehumet accepts your kill.
Your life force feels restored.
The orc wizard gestures wildly while chanting.
The orc wizard blinks!
You now have 9/16 mp.
Casting: Pain
Confirm with . or Enter, or press ? or * to list all spells.
Aiming: Pain
Press: ? - help, Shift-Dir - straight line, f - orc wizard
Aim: an orc wizard, wielding a dagger and wearing a robe (chance to defeat MR: 84%)
The orc wizard writhes in agony!
The orc wizard hits you with a dagger.
* * * LOW HITPOINT WARNING * * *
You take 2 damage, and have 15/32 hp.
You now have 8/16 mp.
Casting: Pain
Confirm with . or Enter, or press ? or * to list all spells.
Aiming: Pain
Press: ? - help, Shift-Dir - straight line, f/p - orc wizard
Aim: an orc wizard, wielding a dagger and wearing a robe (lightly wounded, chance to defeat MR: 84%)
The orc wizard writhes in agony!
The orc wizard casts a spell.
The orc wizard flickers and vanishes!
Deactivating autopickup; reactivate with Ctrl-A.
The orc wizard hits you with a dagger.
* * * LOW HITPOINT WARNING * * *
You take 1 damage, and have 14/32 hp.
Casting: Pain
Confirm with . or Enter, or press ? or * to list all spells.
Aiming: Pain
Press: ? - help, Shift-Dir - straight line, f/p - orc wizard
Aim: an orc wizard, wielding a dagger and wearing a robe (severely wounded, chance to defeat MR: 84%)
The orc wizard writhes in agony!
You kill the orc wizard!
Vehumet accepts your kill.
A magic dart appears from out of thin air!
The magic dart hits you!
* * * LOW HITPOINT WARNING * * *
Eustachio mumbles some strange words.
You take 6 damage, and have 8/32 hp.
You now have 7/16 mp.
Casting: Pain
Confirm with . or Enter, or press ? or * to list all spells.
Aiming: Pain
Press: ? - help, Shift-Dir - straight line, f - ooze
Aim: an ooze (chance to defeat MR: 84%) Nothing appears to happen.
You hear some strange, mumbled words.
A puff of flame appears from out of thin air!
The puff of flame hits you!
You die...

# #.##......# #........ ###
#.##......# #.....o. . ..#
#.<..##.### #...o.#.#.. ###
##...##.# #..l.#.'@. #
#...##.# #..###...#
######...##.# #.o#J.:..#
.........##.# #..###....
......##.##.##########....#
#..
......'.........@){J.@b#..# .
......##..#.########.####....
......###.#.###### ####..
......#..........#
......#.#.#.####.#
......#.#...## #.#
#######+##...###.##
.............#....#
.............#....#


You could see Eustachio, an ooze and a bat.

Vanquished Creatures
  A centaur (D:3)
  A scorpion (D:4)
  2 orc wizards (D:4)
  Ijyb (D:4)
  A bullfrog skeleton (D:4)
  Terence (D:1)
  2 iguanas (D:4)
  An adder (D:2)
  2 oozes
  A worm (D:2)
  2 dart slugs
  A leopard gecko (D:1)
  3 orcs
  2 giant cockroaches
  9 goblins
  6 hobgoblins
  A jackal (D:2)
  3 ball pythons
  4 bats
  4 frilled lizards
  8 kobolds
  7 rats
63 creatures vanquished.

Notes
Turn   | Place    | Note
-------+----------+-------------------------------------------
     0 | D:1      | Monsterracer the Deep Elf Necromancer began the quest for the Orb.
     0 | D:1      | Reached XP level 1. HP: 10/10 MP: 6/6
    19 | D:1      | Reached skill level 5 in Necromancy
   290 | D:1      | Reached XP level 2. HP: 5/15 MP: 0/8
   958 | D:1      | HP: 7/15 [leopard gecko (5)]
  1575 | D:2      | Reached XP level 3. HP: 19/19 MP: 8/10
  1580 | D:2      | Learned a level 3 spell: Vampiric Draining
  1584 | D:2      | Learned a level 3 spell: Regeneration
  1948 | D:2      | Noticed Terence
  1958 | D:1      | Upgraded the game from 0.21.0-24-g2553a33 to 0.21.0-25-ge575cb9
  1962 | D:1      | Killed Terence
  1962 | D:1      | Reached skill level 6 in Necromancy
  1962 | D:1      | Reached XP level 4. HP: 12/24 MP: 7/12
  2514 | D:2      | Found a sparkling altar of Nemelex Xobeh.
  2517 | D:2      | Found a sacrificial altar of Ru.
  2520 | D:2      | Found a glowing silver altar of Zin.
  2581 | D:3      | Noticed a centaur
  2591 | D:3      | HP: 9/24 [centaur (6)]
  2594 | D:3      | Killed a centaur
  2594 | D:3      | Reached skill level 7 in Necromancy
  2594 | D:3      | Reached XP level 5. HP: 13/28 MP: 1/14
  3222 | D:3      | Found a sacrificial altar of Ru.
  3229 | D:3      | Learned a level 5 spell: Borgnjor's Vile Clutch
  3680 | D:2      | Found a radiant altar of Vehumet.
  3685 | D:2      | Became a worshipper of Vehumet
  3718 | D:4      | HP: 7/28 [scorpion (8)]
  3719 | D:4      | Reached skill level 5 in Spellcasting
  3719 | D:4      | Reached skill level 1 in Earth Magic
  3725 | D:4      | HP: 8/42 [poisoned by a scorpion]
  3732 | D:4      | HP: 7/42 [poisoned by a scorpion]
  3737 | D:4      | HP: 6/42 [poisoned by a scorpion]
  3743 | D:4      | HP: 6/42 [poisoned by a scorpion]
  3749 | D:4      | HP: 5/42 [poisoned by a scorpion]
  3755 | D:4      | HP: 5/42 [poisoned by a scorpion]
  4182 | D:4      | Reached XP level 6. HP: 29/32 MP: 10/15
  4264 | D:4      | HP: 15/32 [bullfrog skeleton (6)]
  4504 | D:4      | Noticed Ijyb
  4510 | D:4      | Killed Ijyb
  4524 | D:4      | HP: 8/32 [phantom (10)]
  4617 | D:4      | HP: 14/32 [phantom (5)]
  4622 | D:4      | HP: 3/32 [phantom (7)]
  4853 | D:4      | Noticed Eustachio
  4870 | D:4      | HP: 15/32 [orc wizard/dagger (2)]
  4873 | D:4      | Killed from afar by an orc wizard

Skill      XL: |  1  2  3  4  5  6 |
---------------+-------------------+-----
Necromancy     | 5 6 7 |  7.8
Spellcasting   | 4 5 |  5.5
Earth Magic    | 1 2 |  2.6
Dodging        | |  2.4
Stealth        | |  2.4

Action                   |  1- 3 |  4- 6 || total
-------------------------+-------+-------++-------
Melee: Dagger            |     3 |     6 ||     9
       Falchion          |       |    12 ||    12
 Cast: Pain              |    62 |    64 ||   126
       Vampiric Draining |       |     4 ||     4
       Regeneration      |       |     5 ||     5
  Use: Scroll            |       |    10 ||    10
       Potion            |       |     2 ||     2
  Eat: Chunk             |     2 |     9 ||    11
Armor: Robe              |     4 |     7 ||    11
Dodge: Dodged            |    16 |    22 ||    38
       Rpst.: Falchion   |       |     3 ||     3

Vault maps used:
D:1:      dpeg_arrival_short_road, serial_park_tiny_1, serial_park_tiny_1,
          hangedman_decor_clover_reticule
D:2:      lemuel_upstairs_altar, grunt_temple_overflow_diamond,
          minmay_misc_feat_rows, minmay_split_cup_small, uniq_terence
D:3:      nicolae_ru_the_path_less_chosen
D:4:      serial_shops, shop, minmay_a_box_with_orc_wizards_in_it,
          uniq_eustachio, uniq_menkaure, uniq_ijyb
